 Dungeon Crawl Stone Soup version 0.30.1-11-g7821555f0a (webtiles) character file.

Game seed: 13577020108752522786

14686 anacleto the Cleaver (level 11, -6/148 HPs)
             Began as a Minotaur Berserker on Jan 3, 2024.
             Was an Elder of Trog.
             Mangled by Snorg (15 damage)
             ... on level 10 of the Dungeon on Jan 4, 2024.
             The game lasted 00:27:49 (11796 turns).

anacleto the Cleaver (Minotaur Berserker)          Turns: 11796, Time: 00:27:49

Health: -6/148     AC: 18    Str: 26    XL:     11   Next: 92%
Magic:  11/11      EV: 10    Int:  4    God:    Trog [****..]
Gold:   323        SH:  0    Dex: 10    Spells: 10/10 levels left

rFire   + + .        a - +0 battleaxe
rCold   + . .        (shield currently unavailable)
rNeg    . . .        H - +0 plate armour
rPois   .            (helmet restricted)
rElec   .            c - scarf {rC+ rF+}
rCorr   .            G - +1 pair of gloves
SInv    .            K - +0 pair of boots
Will    .....        C - amulet of regeneration Stlth
                     E - ring of protection from fire
HPRegen 1.24/turn    (no ring)
MPRegen 0.12/turn

%: no passive effects
@: berserking (expiring), very quick
A: horns 2, retaliatory headbutt
a: Renounce Religion, Berserk, Trog's Hand, Brothers in Arms


You were on level 10 of the Dungeon.
You worshipped Trog.
Trog was greatly pleased with you.
You visited 1 branch of the dungeon, and saw 11 of its levels.
You also visited: Sewer.

You collected 686 gold pieces.
You spent 363 gold pieces at shops.

Inventory:

Hand Weapons
 a - a +0 battleaxe (weapon)
 b - a +0 shortbow
 m - a +0 arbalest
Armour
 c - a scarf of resistance (worn)
 G - a +1 pair of gloves (worn)
 H - a +0 plate armour (worn)
 K - a +0 pair of boots (worn)
Jewellery
 C - an amulet of regeneration (around neck)
 E - a ring of protection from fire (left hand)
Wands
 d - a wand of polymorph (3)
 n - a wand of roots (3)
 D - a wand of light (7)
Scrolls
 f - 2 scrolls of fear
 g - 3 scrolls of blinking
 h - 5 scrolls of enchant weapon
 i - a scroll of immolation
 j - 5 scrolls of enchant armour
 l - 3 scrolls of silence
 p - 3 scrolls of poison
 t - 3 scrolls of fog {unknown}
 w - 5 scrolls of teleportation
 y - 2 scrolls of vulnerability {unknown}
 z - 2 scrolls of torment
 A - a scroll of magic mapping
Potions
 e - 5 potions of lignification
 k - 2 potions of curing
 o - 2 potions of heal wounds {unknown}
 r - 2 potions of brilliance {unknown}
 s - a potion of berserk rage {unknown}
 u - 2 potions of ambrosia {unknown}
 v - 2 potions of resistance
 x - a potion of degeneration {unknown}
 B - a potion of attraction {unknown}
 F - 5 potions of flight
 I - a potion of magic {unknown}


   Skills:
 + Level 10.1 Fighting
 * Level 13.8 Axes
 + Level 8.6 Ranged Weapons
 + Level 9.9 Armour
 + Level 8.9 Dodging
 + Level 2.2 Invocations


You had 10 spell levels left.
You didn't know any spells.
Your spell library was empty.

Dungeon Overview and Level Annotations

Branches:
Dungeon (11/15)            Temple (0/1) D:6            Lair (0/5) D:9
    Orc (0/2) D:9           Sewer (visited)

Altars:
Elyvilon
Kikubaaqudgha
Makhleb
Uskayaw
Vehumet
Wu Jian
Xom
Zin
The Shining One

Shops:
D:4 *   D:9 ?

Annotations:
D:10 Snorg


Innate Abilities, Weirdness & Mutations

You have a pair of horns on your head.
You reflexively headbutt those who attack you in melee.


Message History

There is a stone staircase leading down here.
A red film seems to cover your vision as you go berserk!
You feel yourself moving faster!
You feel mighty! Snorg barely misses you. Snorg claws you.
Snorg completely misses you.
The skeletal warrior hits you with a +0 hand axe!
Snorg misses you. You furiously retaliate!
You headbutt Snorg! Snorg claws you but does no damage. Snorg claws you!
You slice Snorg!! You headbutt Snorg!
Snorg is moderately wounded.
You hit the skeletal warrior but do no damage.
Snorg bites you but does no damage. Snorg claws you! x2
You closely miss Snorg. You headbutt Snorg!
Snorg is heavily wounded.
You barely miss the skeletal warrior.
The skeletal warrior hits you with a +0 hand axe!
Snorg bites you but does no damage. Snorg claws you! Snorg closely misses you.
You slice Snorg!! You headbutt Snorg!
Snorg is severely wounded.
You barely miss the skeletal warrior. Snorg bites you!
* * * LOW HITPOINT WARNING * * *
Snorg claws you.
* * * LOW HITPOINT WARNING * * *
Snorg closely misses you. The skeletal warrior barely misses you.
You slash Snorg!
Snorg is severely wounded.
You hit the skeletal warrior. Snorg bites you!
* * * LOW HITPOINT WARNING * * *
Snorg claws you.
* * * LOW HITPOINT WARNING * * *
Snorg claws you but does no damage.
You slice Snorg!! Your headbutt misses Snorg.
Snorg is almost dead.
You slash the skeletal warrior!
The skeletal warrior hits you with a +0 hand axe!
* * * LOW HITPOINT WARNING * * *
You barely miss Snorg. Your headbutt misses Snorg.
Snorg is almost dead.
You barely miss the skeletal warrior. Snorg bites you but does no damage.
Snorg claws you!
You die...

#...........................#
#.......######..............#
#.......#....+.........######
#.......#....#.........#...#
+.......#....#.........#...#
#.......'....#.........#..)#
#.......######<(.......#...#
###......# #).(z.#####...#
..#......# #..@).#.......#
..#......# #..T).#.......#
..#......# #.....#.......#
#.#......#####.....#..##...#
#.###.......(.....##..##...#
....#.............'....#...#
....#.............#....+...#
....#.............#....#...#
##'##.............###..#...#


You could see Snorg (berserk) and a skeletal warrior.

Vanquished Creatures
  A two-headed ogre (D:10)
  Sonja (D:10)
  4 skeletal warriors (D:10)
  Maurice (D:9)
  Joseph (D:7)
  Psyche (D:10)
  2 unseen horrors
  4 kobold demonologists
  A komodo dragon (D:9)
  2 trolls (D:10)
  A shadow (D:10)
  2 wyverns
  19 yaks
  2 steam dragons (D:7)
  2 vampire mosquitoes (D:10)
  Duvessa (D:5)
  3 water moccasins
  9 orc warriors
  2 ice beasts
  3 black bears
  3 centaurs
  2 kobold brigands (D:10)
  5 bullfrogs
  A gnoll sergeant (D:10)
  A scorpion (D:6)
  8 wights (D:7)
  Dowan (D:5)
  5 howler monkeys
  2 jellies (D:4)
  7 hounds
  10 orc priests
  2 sleepcaps
  A gnoll bouda (D:5)
  Terence (D:3)
  A hell rat (Sewer)
  9 orc wizards
  4 iguanas
  14 gnolls
  4 adders
  A river rat (Sewer)
  2 white imps
  An ufetubus (D:6)
  A worm (D:2)
  4 dart slugs
  29 orcs
  6 bats
  9 endoplasms
  5 giant cockroaches
  8 goblins
  6 hobgoblins
  18 jackals
  12 kobolds
  4 quokkas
  6 ball pythons
  4 frilled lizards (D:1)
  5 rats
264 creatures vanquished.

Vanquished Creatures (collateral kills)
  A bullfrog (D:9)
  An orc wizard (D:9)
2 creatures vanquished.

Grand Total: 266 creatures vanquished

Notes
Turn   | Place    | Note
-------+----------+-------------------------------------------
     0 | D:1      | anacleto the Minotaur Berserker began the quest for the
                  | Orb.
     0 | D:1      | Reached XP level 1. HP: 19/19 MP: 0/0
   103 | D:1      | Reached XP level 2. HP: 27/27 MP: 1/1
   364 | D:1      | Reached skill level 4 in Axes
   706 | D:1      | Reached skill level 1 in Ranged Weapons
   985 | D:2      | Reached XP level 3. HP: 21/33 MP: 2/2
  1515 | D:2      | Reached ** piety under Trog
  2256 | D:3      | Reached XP level 4. HP: 40/40 MP: 3/3
  2289 | D:3      | Found a glowing drain.
  2316 | Sewer    | Entered a sewer
  2546 | D:3      | Reached skill level 5 in Axes
  2616 | D:3      | Noticed Terence
  2630 | D:3      | Killed Terence
  2631 | D:3      | Reached XP level 5. HP: 47/47 MP: 4/4
  3017 | D:3      | Found an ancient bone altar of Kikubaaqudgha.
  3145 | D:4      | Found a radiant altar of Vehumet.
  3175 | D:4      | Reached XP level 6. HP: 53/53 MP: 5/5
  3329 | D:4      | Reached *** piety under Trog
  3393 | D:4      | Found Ecawkuot's Fire Supplies.
  3574 | D:5      | Entered Level 5 of the Dungeon
  3575 | D:5      | Noticed a yak
  3575 | D:5      | Noticed a yak
  3575 | D:5      | Noticed a yak
  3577 | D:5      | Noticed a yak
  3577 | D:5      | Noticed a yak
  3588 | D:4      | Killed a yak
  3589 | D:4      | Reached skill level 5 in Fighting
  3589 | D:4      | Reached skill level 6 in Axes
  3592 | D:4      | Reached XP level 7. HP: 61/61 MP: 6/6
  3636 | D:4      | Killed a yak
  3788 | D:4      | Killed a yak
  3789 | D:4      | Reached skill level 7 in Axes
  3789 | D:4      | Killed a yak
  3790 | D:4      | Reached skill level 5 in Armour
  3949 | D:5      | Killed a yak
  3950 | D:5      | Reached XP level 8. HP: 70/70 MP: 7/7
  4059 | D:5      | Identified the +1 ring mail of the Realm of Zot {Will+
                  | rCorr Int+3 Stlth-}
  4075 | D:5      | Noticed Duvessa
  4075 | D:5      | Noticed Dowan
  4090 | D:5      | Killed Duvessa
  4095 | D:5      | Killed Dowan
  4228 | D:5      | Found a white marble altar of Elyvilon.
  4251 | D:5      | Reached skill level 8 in Axes
  4270 | D:5      | Reached skill level 5 in Dodging
  5113 | D:6      | Found a staircase to the Ecumenical Temple.
  5125 | D:6      | Found an ornate altar of the Wu Jian Council.
  5466 | D:6      | Found a shimmering altar of Xom.
  5782 | D:6      | Reached skill level 9 in Axes
  5908 | D:6      | Reached XP level 9. HP: 76/78 MP: 8/8
  6080 | D:7      | Identified the +3 leather armour of the Carpenter {Rampage
                  | rF+ Int+6 Dex-3}
  6114 | D:7      | Reached skill level 5 in Ranged Weapons
  6266 | D:7      | Found a glowing silver altar of Zin.
  6763 | D:7      | Reached skill level 10 in Axes
  6805 | D:8      | Noticed Joseph
  7084 | D:7      | Killed Joseph
  7595 | D:8      | Reached **** piety under Trog
  7619 | D:8      | Reached XP level 10. HP: 88/88 MP: 9/9
  7745 | D:8      | Noticed Maurice
  7777 | D:9      | Killed Maurice
  7778 | D:9      | Reached skill level 11 in Axes
  7958 | D:9      | Found a staircase to the Lair.
  8548 | D:9      | Found a staircase to the Orcish Mines.
  8709 | D:9      | Found Pythagou's Magic Scroll Shop.
  8864 | D:9      | Bought a scroll of identify for 26 gold pieces
  8864 | D:9      | Bought a scroll of identify for 26 gold pieces
  8864 | D:9      | Bought a scroll of teleportation for 39 gold pieces
  8864 | D:9      | Bought a scroll of enchant armour for 97 gold pieces
  8864 | D:9      | Bought a scroll of teleportation for 39 gold pieces
  8864 | D:9      | Bought a scroll of torment for 123 gold pieces
  8864 | D:9      | Bought a scroll of noise for 13 gold pieces
  8955 | D:10     | Entered Level 10 of the Dungeon
  8955 | D:10     | Noticed Sonja
  9237 | D:9      | Noticed a rust devil
  9238 | D:9      | Reached skill level 12 in Axes
  9611 | D:10     | Killed Sonja
  9754 | D:10     | Reached XP level 11. HP: 97/97 MP: 10/10
  9825 | D:10     | Noticed Psyche
  9832 | D:10     | Killed Psyche
 10000 | D:10     | Found a glowing golden altar of the Shining One.
 10128 | D:10     | Found a hide-covered altar of Uskayaw.
 10187 | D:10     | Found a burning altar of Makhleb.
 10316 | D:10     | Reached skill level 13 in Axes
 11092 | D:11     | Noticed a two-headed ogre
 11093 | D:11     | Noticed a skeletal warrior
 11093 | D:11     | Noticed a skeletal warrior
 11093 | D:11     | Noticed a skeletal warrior
 11095 | D:11     | Noticed a skeletal warrior
 11096 | D:11     | Noticed a skeletal warrior
 11111 | D:11     | Noticed a two-headed ogre
 11226 | D:10     | Killed a two-headed ogre
 11279 | D:10     | Reached skill level 1 in Invocations
 11283 | D:10     | Killed a skeletal warrior
 11341 | D:10     | Killed a skeletal warrior
 11342 | D:10     | Reached skill level 10 in Fighting
 11680 | D:10     | Killed a skeletal warrior
 11736 | D:11     | Noticed Snorg
 11747 | D:10     | Killed a skeletal warrior
 11796 | D:10     | Mangled by Snorg

Illustrated notes

Levels and vault maps discovered:
D:1:      elethiomel_arrival_shortcut, layout_loops_corners,
          minmay_fountain_box, minmay_misc_feat_ornament
D:2:      layout_basic
D:3:      layout_rooms, mainiacjoe_overflow_alcove_2,
          cheibrodos_sewer_entry_drain, kennysheep_cross_room, uniq_terence
D:4:      layout_gridville, vehumet_crystals, nicolae_shop_fire_sale
          [nicolae_sub_dead_trees]
D:5:      layout_basic, mainiacjoe_overflow_concentric_impassable, uniq_duvessa
D:6:      layout_loops_cross, pdpol_wu_jian_five_deadly_venoms,
          kennysheep_little_box, minmay_temple_entry_glassed_door
D:7:      layout_basic, zin_academy, kennysheep_generic_room_15
D:8:      layout_rooms, uniq_maurice, uniq_joseph
D:9:      layout_long_grid, due_lair_maze_entry_diamond, orc_0_dummy,
          serial_shops, kennysheep_mini_moat
D:10:     layout_gridville, mainiacjoe_overflow_brackets,
          mainiacjoe_overflow_catch_the_wave, uniq_psyche, uniq_sonja
D:11:     layout_cave_pools, uniq_snorg, uniq_erolcha

Skill      XL: |  1  2  3  4  5  6  7  8  9 10 11 |
---------------+----------------------------------+-----
Axes           | 4 5 6 7 9 10 12 13 | 13.8
Ranged Weapons | 1 2 3 4 6 7 8 |  8.6
Fighting       | 4 5 6 7 9 10 | 10.1
Armour         | 3 4 5 6 7 8 9 |  9.9
Dodging        | 3 4 5 6 7 8 |  8.9
Invocations    | 2 |  2.2

Action                     |  1- 3 |  4- 6 |  7- 9 | 10-12 || total
---------------------------+-------+-------+-------+-------++-------
  Melee: Hand axe          |    79 |   133 |   187 |       ||   399
         Headbutt          |    14 |    16 |    50 |    58 ||   138
         Battleaxe         |       |       |    70 |   276 ||   346
         Unarmed           |       |       |       |     1 ||     1
   Fire: Shortbow          |       |       |    13 |    18 ||    31
 Invoke: Berserk           |     1 |     4 |    15 |    17 ||    37
         Brothers in Arms  |       |       |       |     1 ||     1
  Evoke: Wand              |       |       |     4 |     7 ||    11
    Use: Scroll            |       |       |     9 |     4 ||    13
         Potion            |       |       |       |     3 ||     3
   Stab: Invisible         |       |       |     1 |     1 ||     2
 Armour: Animal skin       |    18 |       |       |       ||    18
         Scale mail        |     1 |    21 |       |       ||    22
         Chain mail        |       |    66 |   120 |       ||   186
         Plate armour      |       |       |    38 |   284 ||   322
  Dodge: Dodged            |    60 |    77 |   121 |   167 ||   425
